cohdb
Replays
Latest Replays
All Replays
Popular Replays
Top Player Replays
Match Explorer
How It Works
Community
CoH3 Stats
Reddit
Sign in to upload your games and track your stats! →
Sign in with Steam
Match 44318427
Unlisted
Match 44318427
Overview
Messages
Build Orders
End
Kradschützen Motorcycle Team
Panzergrenadier Squad
Selects Italian Infantry
Panzergrenadier Squad
Panzergrenadier Squad
250 Light Carrier
Construct Light Support Kompanie
Fire Support Elements
Flakvierling Half-track
Selects Guastatori Squad
Selects Defensive Operations
Panzerjäger Mechanized Group
Construct Panzerarmee Kommand
Selects Registered Artillery
Guastatori Squad
Selects Towed Cannone da 105/28 Field Howitzer
Panzer III L Medium Tank
Walking Stuka Rocket Launcher
Registered Artillery
Guastatori Squad
Selects Prepared Positions
Valar Morghulis
undefined
Arturokq
Cooper
0
0
Comments
sign in to comment!
No comments posted yet!